 Dungeon Crawl Stone Soup version 0.27.1-4-g1640c2035a (webtiles) character file.

Game seed: 13198536967998885205

2165 MisterFreud the Magician (level 7, -4/55 HPs)
             Began as a Gnoll Wanderer on Nov 7, 2021.
             Was a High Priest of Ru.
             Slain by Harold (15 damage)
             ... on level 7 of the Dungeon.
             The game lasted 00:20:51 (7334 turns).

MisterFreud the Magician (Gnoll Wanderer)           Turns: 7334, Time: 00:20:51

Health: -4/55      AC: 13    Str: 11    XL:     7   Next: 32%
Magic:  16/16      EV: 10    Int: 14    God:    Ru [*****.]
Gold:   230        SH:  0    Dex: 11    Spells: 13/19 levels left

rFire    . . .     SeeInvis .   G - +3 dagger (freeze)
rCold    . . .     Faith    .   (no shield)
rNeg     . . .     Spirit   .   I - +0 acid dragon scales
rPois    .         Reflect  .   q - +0 helmet
rElec    .         Harm     .   (no cloak)
rCorr    +         Rampage  .   v - +0 pair of gloves
Will     .....                  (no boots)
Stlth    ++........             j - amulet of regeneration
HPRegen  1.18/turn              i - +4 ring of protection
MPRegen  0.15/turn              (no ring)

@: marked
A: fangs 1, inability to train dodging, weak-willed 1, inexperienced 1, strong
nose, distributed training
a: Renounce Religion, Draw Out Power, Power Leap, Apocalypse


You were on level 7 of the Dungeon.
You worshipped Ru.
Ru was extremely pleased with you.
You visited 1 branch of the dungeon, and saw 7 of its levels.

You collected 230 gold pieces.

Inventory:

Hand Weapons
 a - a +0 club
 f - a +0 falchion of holy wrath
 G - a +3 dagger of freezing (weapon)
Missiles
 k - 6 atropa-tipped darts
 w - 6 boomerangs
 y - 10 poisoned darts (quivered)
 E - a throwing net
Armour
 q - a +0 helmet (worn)
 v - a +0 pair of gloves (worn)
 I - +0 acid dragon scales (worn)
Jewellery
 i - a +4 ring of protection (left hand)
 j - an amulet of regeneration (around neck)
 m - a ring of fire
Wands
 C - a wand of polymorph (6)
 D - a wand of flame (14)
Scrolls
 c - a scroll of blinking {unknown}
 e - a scroll of vulnerability {unknown}
 g - a scroll of summoning {unknown}
 h - a scroll of brand weapon {unknown}
 l - 6 scrolls of teleportation
 n - 2 scrolls of amnesia
 o - a scroll of enchant weapon
 t - 3 scrolls of fog {unknown}
 u - a scroll of identify
 H - a scroll of noise {unknown}
Potions
 d - 3 potions of lignification
 p - 2 potions of heal wounds
 r - a potion of invisibility
 s - a potion of cancellation
 x - a potion of might
 z - 2 potions of curing
 B - 3 potions of flight
 F - 3 potions of mutation


   Skills:
 + Level 4.9 Fighting
 + Level 4.1 Short Blades
 + Level 4.1 Long Blades
 + Level 4.1 Axes
 + Level 4.1 Maces & Flails
 + Level 4.9 Polearms
 + Level 4.1 Staves
 + Level 4.1 Slings
 + Level 4.1 Bows
 + Level 4.1 Crossbows
 + Level 4.1 Throwing
 + Level 4.1 Armour
   Level 0.0 Dodging
 + Level 4.8 Stealth
 + Level 4.9 Shields
 + Level 4.1 Unarmed Combat
 + Level 6.5 Spellcasting
 + Level 3.4 Conjurations
 + Level 3.4 Hexes
 + Level 3.4 Summonings
 + Level 3.4 Necromancy
 + Level 3.4 Translocations
 + Level 5.1 Transmutations
 + Level 3.4 Fire Magic
 + Level 3.4 Ice Magic
 + Level 4.1 Air Magic
 + Level 3.4 Earth Magic
 + Level 3.4 Poison Magic
 + Level 4.5 Invocations
 + Level 4.9 Evocations


You had 13 spell levels left.
You knew the following spells:

 Your Spells              Type           Power      Damage    Failure   Level
a - Shock                 Conj/Air       60%        1d6       4%          1
b - Blink                 Tloc           N/A        N/A       9%          2
c - Mephitic Cloud        Conj/Pois/Air  14%        N/A       16%         3

Your spell library contained the following spells:

 Spells                   Type           Power      Damage    Failure   Level
 Wereblood                Tmut           19%        N/A       4%          2
 Magic Dart               Conj           56%        1d5       5%          1
 Passwall                 Tmut/Erth      13%        N/A       6%          2
 Corpse Rot               Necr/Air       N/A        N/A       8%          2
 Poisonous Vapours        Pois/Air       30%        N/A       8%          2
 Call Imp                 Summ           14%        N/A       9%          2
 Slow                     Hex            14%        N/A       9%          2
 Ignite Poison            Fire/Tmut/Pois 15%        N/A       13%         3
 Conjure Flame            Conj/Fire      14%        6-21      17%         3
 Sticky Flame             Conj/Fire      14%        2d4       50%         4
 Freezing Cloud           Conj/Ice/Air   7%         6-21      80%         5


Dungeon Overview and Level Annotations

Branches:
Dungeon (7/15)             Temple (0/1) D:4

Altars:
Cheibriados
Dithmenos
Elyvilon
Hepliaklqana
Kikubaaqudgha
Ru
Sif Muna
Trog
Uskayaw
Xom
Yredelemnul
Zin

Shops:
D:3 :   D:4 [   D:6 *

Annotations:
D:7 Harold


Innate Abilities, Weirdness & Mutations

You have very sharp teeth.
You cannot train Dodging skill.
You are slightly weak-willed. (Will-)
You are somewhat inexperienced. (-2 XL)
Your uncanny sense of smell can sniff out nearby items.
Your experience applies equally to all skills.


Message History

You focus your inner power and blind Harold in retribution!
You catch the helpless Harold completely off-guard!
You hit Harold but do no damage.
Harold is heavily wounded.
Harold closely misses you.
You hit Harold.
Harold is heavily wounded.
Harold hits you with a +0 glaive!
You focus your inner power and blind Harold in retribution!
Harold is stunned by your conviction and fails to attack.
Unknown command.
Unknown command.
Your +0 falchion of holy wrath stops glowing.
Your +3 dagger of freezing glows with a cold blue light!
G - a +3 dagger of freezing (weapon)
You hit Harold but do no damage.
Harold is heavily wounded.
Harold hits you with a +0 glaive!
You focus your inner power and blind Harold in retribution!
You hit Harold but do no damage.
Harold is heavily wounded.
Harold closely misses you.
You hit Harold but do no damage.
Harold is heavily wounded.
You hit Harold. You freeze Harold.
Harold is severely wounded.
Harold hits you with a +0 glaive.
You catch the helpless Harold completely off-guard!
You puncture Harold! You freeze Harold. You bite Harold, but do no damage.
Harold is almost dead.
Harold points at you and mumbles some strange words.
The mark upon you grows brighter.
You barely miss Harold.
Harold is almost dead.
Harold hits you with a +0 glaive!
* * * LOW HITPOINT WARNING * * *
You closely miss Harold.
Harold is almost dead.
Harold hits you with a +0 glaive!
You die...

...<#..# ........###..## ###.#..#
#######.#.....# #......#
#.###..### #......#
#.#_...._##### #......#
#.###..###...# #......#
#######.#......#...### #......#
........###..###...... #......#
#########.#⌠....##...### #.......
.((((.@@..##8..8##......
#......###########.#.#..###..##..
∆ #.#.#..###....#.
..#.....##.....# ###.....###....#
#.......# #...## #.#.....# #..#..
####.#.....# #.#...
#....#.#.#####.#...


You could see Harold (blind, poisoned).

Vanquished Creatures
  Sigmund (D:2)
  A sky beast (D:7)
  A swamp drake (D:7)
  A black bear (D:6)
  An ice beast (D:4)
  4 centaurs
  A phantom (D:4)
  3 scorpions
  A wyvern skeleton (D:7)
  Dowan (D:7)
  A centaur zombie (D:7)
  2 bullfrog zombies
  3 hounds
  A gnoll shaman (D:3)
  A centaur skeleton (D:6)
  3 orc priests
  A bullfrog skeleton (D:6)
  3 iguanas
  3 orc wizards
  A killer bee zombie (D:5)
  2 hound zombies (D:3)
  A hound skeleton (D:3)
  12 gnolls
  9 adders
  A howler monkey skeleton (D:5)
  A white imp (D:3)
  2 ufetubi (D:4)
  An adder skeleton (D:3)
  2 adder zombies (D:3)
  2 worms
  2 dart slugs (D:1)
  9 orcs
  6 bats
  8 endoplasms
  4 giant cockroaches
  7 goblins
  5 hobgoblins
  6 jackals (D:3)
  2 quokkas
  7 ball pythons
  3 frilled lizards
  A giant cockroach zombie (D:3)
  A jackal zombie (D:3)
  9 kobolds
  A quokka skeleton (D:3)
  7 rats
145 creatures vanquished.

Vanquished Creatures (others)
  An ogre (D:5)
  A hound (D:4)
  A hobgoblin (D:2)
  A quokka (D:5)
4 creatures vanquished.

Grand Total: 149 creatures vanquished

Notes
Turn   | Place    | Note
-------+----------+-------------------------------------------
     0 | D:1      | MisterFreud the Gnoll Wanderer began the quest for the Orb.
     0 | D:1      | MisterFreud set off with the following items: a +0 club, a
                  | +0 robe; and the following spells available to memorise:
                  | Wereblood, Shock, Passwall, Magic Dart, Blink, Call Imp,
                  | Slow, Mephitic Cloud, Conjure Flame
     0 | D:1      | Reached XP level 1. HP: 17/17 MP: 6/6
    14 | D:1      | Learned a level 1 spell: Shock
   192 | D:1      | Reached XP level 2. HP: 23/23 MP: 4/7
   311 | D:1      | Found a faded altar of an unknown god.
   369 | D:1      | Became a worshipper of Ru the Awakened
   379 | D:1      | Gained mutation: You are slightly weak-willed. (Will-) [Ru
                  | sacrifice]
   379 | D:1      | Reached * piety under Ru
   379 | D:1      | Reached ** piety under Ru
  1171 | D:1      | Reached XP level 3. HP: 27/28 MP: 1/9
  1259 | D:1      | Reached skill level 5 in Spellcasting
  1828 | D:2      | Found an ancient bone altar of Kikubaaqudgha.
  1884 | D:2      | Reached skill level 1 in Invocations
  2068 | D:2      | Reached skill level 1 in Short Blades
  2068 | D:2      | Reached skill level 1 in Long Blades
  2068 | D:2      | Reached skill level 1 in Axes
  2068 | D:2      | Reached skill level 1 in Maces & Flails
  2068 | D:2      | Reached skill level 1 in Staves
  2068 | D:2      | Reached skill level 1 in Slings
  2068 | D:2      | Reached skill level 1 in Bows
  2068 | D:2      | Reached skill level 1 in Crossbows
  2068 | D:2      | Reached skill level 1 in Throwing
  2068 | D:2      | Reached skill level 1 in Armour
  2068 | D:2      | Reached skill level 1 in Dodging
  2068 | D:2      | Reached skill level 1 in Unarmed Combat
  2071 | D:2      | Reached XP level 4. HP: 33/34 MP: 7/11
  2476 | D:2      | Noticed Sigmund
  2585 | D:2      | Killed Sigmund
  2586 | D:2      | Reached skill level 1 in Conjurations
  2586 | D:2      | Reached skill level 1 in Hexes
  2586 | D:2      | Reached skill level 1 in Summonings
  2586 | D:2      | Reached skill level 1 in Necromancy
  2586 | D:2      | Reached skill level 1 in Translocations
  2586 | D:2      | Reached skill level 1 in Fire Magic
  2586 | D:2      | Reached skill level 1 in Ice Magic
  2586 | D:2      | Reached skill level 1 in Earth Magic
  2586 | D:2      | Reached skill level 1 in Poison Magic
  2586 | D:2      | Reached XP level 5. HP: 35/41 MP: 12/12
  2822 | D:2      | Learned a level 2 spell: Blink
  2826 | D:2      | Learned a level 3 spell: Mephitic Cloud
  2909 | D:3      | Reached XP level 6. HP: 47/47 MP: 8/13
  3241 | D:3      | Found a bloodstained altar of Trog.
  3524 | D:3      | Found Mahits's Book Shop.
  3555 | D:3      | Gained mutation: You are somewhat inexperienced. (-2 XL)
                  | [Ru sacrifice]
  3555 | D:3      | Reached XP level 5. HP: 41/41 MP: 12/12
  3555 | D:3      | Reached XP level 4. HP: 35/35 MP: 11/11
  3555 | D:3      | Reached *** piety under Ru
  4100 | D:4      | Reached XP level 5. HP: 41/41 MP: 8/13
  4186 | D:4      | Found a hide-covered altar of Uskayaw.
  4522 | D:4      | Found a hazy altar of Hepliaklqana.
  4743 | D:4      | Found a staircase to the Ecumenical Temple.
  4845 | D:4      | Found Basatz's Armour Shoppe.
  4970 | D:4      | Identified the +2 tower shield of the Eight Boll Weevils
                  | {Rampage Will++}
  5228 | D:5      | Entered Level 5 of the Dungeon
  5290 | D:5      | Reached XP level 6. HP: 25/48 MP: 14/14
  5365 | D:5      | Found a white marble altar of Elyvilon.
  5504 | D:4      | Reached skill level 6 in Spellcasting
  5608 | D:5      | Found a glowing silver altar of Zin.
  5613 | D:5      | Noticed an angel
  5615 | D:5      | Found a shimmering altar of Xom.
  6074 | D:6      | Gained mutation: You cannot train Dodging skill. [Ru
                  | sacrifice]
  6074 | D:6      | Reached **** piety under Ru
  6074 | D:6      | Reached ***** piety under Ru
  6219 | D:6      | Reached skill level 5 in Transmutations
  6219 | D:6      | Reached XP level 7. HP: 55/55 MP: 16/16
  6313 | D:6      | Identified the +0 robe of Valiance {rN+ Str-4 Int+2}
  6417 | D:6      | Found a snail-covered altar of Cheibriados.
  6501 | D:6      | Found Poirel's Overcharged Wands.
  6556 | D:6      | Found a shimmering blue altar of Sif Muna.
  6949 | D:7      | Found a shadowy altar of Dithmenos.
  6950 | D:7      | Found a basalt altar of Yredelemnul.
  6993 | D:7      | Noticed Dowan
  6993 | D:7      | Noticed Duvessa
  7015 | D:7      | Killed Dowan
  7016 | D:7      | Noticed Duvessa
  7016 | D:7      | Duvessa changed into Duvessa the swamp drake
  7051 | D:7      | Killed Duvessa the swamp drake
  7308 | D:7      | Noticed Harold
  7334 | D:7      | Slain by Harold

Illustrated notes

Levels and vault maps discovered:
D:1:      wander_arrival_chamber, layout_basic,
          shapermc_ecumenical_altar_flowoftime, kennysheep_another_room,
          chequers_garden, minmay_door_square, roderic_lattice_a
D:2:      layout_basic, basic_altar, uniq_sigmund
D:3:      layout_basic, mainiacjoe_overflow_catwalk, serial_undead,
          serial_undead_e, serial_undead_c, serial_undead_d, serial_undead_a,
          serial_shops, nicolae_shop_temple_entry_statues_fountains,
          chequers_serial_rivers_room_b
D:4:      layout_loops_corners, mainiacjoe_overflow_brackets,
          worldfamousw_hep_ancestral_shrine, minmay_temple_entry_glass,
          serial_shops, nicolae_shop_waterfront, chequers_serial_rivers_micro_b
D:5:      corexii_shack_village, layout_cave_pools,
          grunt_temple_overflow_order_and_chaos_1, elyvilon_altar_4
D:6:      layout_cave_pools, mainiacjoe_overflow_six_doors_small,
          cheibrodos_worm_habitat, nicolae_shop_overcharged_wands
D:7:      layout_basic, minitemple, minmay_misc_feat_chi, minivault_27,
          uniq_joseph, uniq_duvessa, uniq_harold

Skill      XL: |  1  2  3  4  5  6  7 |
---------------+----------------------+-----
Air Magic      | 2 3 4 |  4.1
Spellcasting   | 5 6 |  6.5
Invocations    | 1 3 4 |  4.5
Short Blades   | 1 3 4 |  4.1
Long Blades    | 1 3 4 |  4.1
Axes           | 1 3 4 |  4.1
Maces & Flails | 1 3 4 |  4.1
Staves         | 1 3 4 |  4.1
Slings         | 1 3 4 |  4.1
Bows           | 1 3 4 |  4.1
Crossbows      | 1 3 4 |  4.1
Throwing       | 1 3 4 |  4.1
Armour         | 1 3 4 |  4.1
Dodging        | 1 0 |  0.0
Unarmed Combat | 1 3 4 |  4.1
Fighting       | 3 4 |  4.9
Polearms       | 3 4 |  4.9
Shields        | 3 4 |  4.9
Conjurations   | 1 2 3 |  3.4
Hexes          | 1 2 3 |  3.4
Summonings     | 1 2 3 |  3.4
Necromancy     | 1 2 3 |  3.4
Translocations | 1 2 3 |  3.4
Transmutations | 4 5 |  5.1
Fire Magic     | 1 2 3 |  3.4
Ice Magic      | 1 2 3 |  3.4
Earth Magic    | 1 2 3 |  3.4
Poison Magic   | 1 2 3 |  3.4
Evocations     | 3 4 |  4.9
Stealth        | 4 |  4.8

Action                   |  1- 3 |  4- 6 |  7- 9 || total
-------------------------+-------+-------+-------++-------
Melee: Club              |    23 |    89 |       ||   112
       Bite              |     1 |    48 |    13 ||    62
       Falchion          |       |   409 |   143 ||   552
       Punch             |       |     7 |     3 ||    10
       Dagger            |       |       |     7 ||     7
Throw: Dart              |       |    23 |     6 ||    29
 Cast: Shock             |    67 |    87 |     3 ||   157
       Mephitic Cloud    |       |       |     1 ||     1
Invok: Sacrifice Essence |     1 |       |       ||     1
       Sacrifice Experie |       |     1 |       ||     1
       Sacrifice Nimblen |       |     1 |       ||     1
Evoke: Wand              |       |       |     1 ||     1
  Use: Scroll            |       |     9 |     2 ||    11
 Stab: Sleeping          |     1 |    11 |     4 ||    16
       Invisible         |       |     5 |     5 ||    10
       Distracted        |       |     3 |     2 ||     5
       Confused          |       |       |     3 ||     3
Armor: Robe              |    10 |   168 |       ||   178
       Ring mail         |       |   122 |    63 ||   185
Dodge: Dodged            |    41 |   388 |    46 ||   475
       Rpst.: Falchion   |       |    84 |    12 ||    96
